 Dungeon Crawl Stone Soup version 0.28-a0-425-gd0eccab798 (webtiles) character file.

Game seed: 17977797358518061582

236 jasper the Stinger (level 5, 0/35 HPs)
             Began as a Demonspawn Venom Mage on Sept 10, 2021.
             Slain by an orc warrior (17 damage)
             ... on level 4 of the Dungeon.
             The game lasted 00:09:20 (4926 turns).

jasper the Stinger (Demonspawn Venom Mage)          Turns: 4926, Time: 00:09:21

Health: 0/35       AC:  4    Str:  9    XL:     5   Next: 77%
Magic:  0/8        EV: 12    Int: 17    God:
Gold:   120        SH:  4    Dex: 13    Spells: 0/8 levels left

rFire   . . .      SeeInvis .   m - +0 rapier
rCold   . . .      Faith    .   (no shield)
rNeg    . . .      Spirit   .   a - +0 robe
rPois   .          Reflect  .   (no helmet)
rElec   .          Harm     .   l - +0 cloak
rCorr   .          Rampage  .   (no gloves)
Will    .....                   k - +0 pair of boots
Stlth   ++........              (no amulet)
HPRegen 0.11/turn               (no ring)
MPRegen 0.11/turn               (no ring)

@: radiating poison
A: talons 1, condensation shield
a: no special abilities


You were on level 4 of the Dungeon.
You visited 1 branch of the dungeon, and saw 5 of its levels.

You collected 120 gold pieces.

Inventory:

Hand Weapons
 m - a +0 rapier (weapon)
Missiles
 b - 88 stones
 e - 17 poisoned darts
Armour
 a - a +0 robe (worn)
 k - a +0 pair of boots (worn)
 l - a +0 cloak (worn)
Magical Staves
 o - a staff of conjuration
Scrolls
 d - a scroll of fog
 p - a scroll of immolation
 q - 2 scrolls of teleportation
Potions
 c - 2 potions of resistance
 f - a potion of magic
 g - a potion of brilliance {unknown}
 h - 2 potions of heal wounds
 i - a potion of degeneration {unknown}
 n - a potion of mutation {unknown}


   Skills:
 - Level 1.7 Dodging
 - Level 1.7 Stealth
 - Level 2.0 Spellcasting
 - Level 3.0 Conjurations
 - Level 2.0 Transmutations
 - Level 3.0 Air Magic
 + Level 3.8 Poison Magic


You couldn't memorise any spells.
You knew the following spells:

 Your Spells              Type           Power      Damage    Failure   Level
a - Sting                 Tmut/Pois      44%        1d5       6%          1
b - Mephitic Cloud        Conj/Pois/Air  12%        N/A       16%         3
c - Olgreb's Toxic Radia  Pois           14%        N/A       36%         4

Your spell library contained the following spells:

 Spells                   Type           Power      Damage    Failure   Level
 Poisonous Vapours        Pois/Air       26%        N/A       7%          2


Dungeon Overview and Level Annotations

Branches:
Dungeon (5/15)
 Temple: D:4-7

Altars:

Shops:
D:2 *


Innate Abilities, Weirdness & Mutations

You have sharp toenails.
A meltable shield of frost defends you. (SH +4)


Message History

Things that are here:
a +0 war axe; a +0 flail; an orc corpse Magic restored.
HP restored.
An orc warrior comes into view. It is wielding a +0 war axe.
An orc wizard comes into view. It is wielding a +0 dagger.
Health restored: 35; MP restored: 8
Casting: Sting (safe; 6% risk of failure)
Confirm with . or Enter, or press ? or * to list all spells.
The spell is extremely dangerous to cast (36% risk of failure)!
Continue anyway?
You begin to radiate toxic energy.
The orc warrior shouts!
The orc warrior is poisoned.
The orc wizard is poisoned.
You hear a shout!
You hear a bark!
The orc warrior drinks a potion.
The orc warrior seems to speed up.
You now have 4/8 mp.
Your toxic aura wanes.
An orc comes into view. It is wielding a +0 club.
A scorpion comes into view.
The orc wizard casts a spell at you.
You are confused.
The orc shouts!
You hear a shout!
You bump into the rock wall.
The orc wizard looks more healthy.
The orc warrior closely misses you.
You're too confused to cast spells.
You feel better.
An orc comes into view. It is wielding a +0 hand axe.
You block the orc warrior's attack.
Casting: Olgreb's Toxic Radiance (extremely dangerous; 36% risk of failure)
Confirm with . or Enter, or press ? or * to list all spells.
The spell is extremely dangerous to cast (36% risk of failure)!
Continue anyway?
You begin to radiate toxic energy.
The orc warrior looks even sicker.
The orc is poisoned.
The orc wizard is poisoned.
The orc is poisoned.
The scorpion is poisoned.
The orc warrior looks even sicker.
The orc looks even sicker.
The orc wizard looks even sicker.
The orc warrior hits you with a +0 war axe!!
Ouch! That really hurt!
An orc comes into view. It is wielding a +0 short sword.
The orc warrior hits you with a +0 war axe!
You die...

#.. #.# #.###..# ## #... #.#
##..#.<###. #....#######.####
##..........
#......#.......###..#...##.##
###..........).....##...##.#
..............##....##...##.#
..............##....##...##.#
..###....##...##.$..##..###.##
. #....###..@#......#..###..#
#.....# #..o#..#............
.......# #.....###.....####..
###..... #.s...# ##....# ###..
#o.....# #....# ........#
##...# #. #o.......# ....# #..
.o........# .....# #..
.##....#..# ..#..## #..


You could see an orc warrior (fast, very poisoned), a scorpion (poisoned), an
orc wizard (very poisoned) and 2 orcs.

Vanquished Creatures
  Jessica (D:3)
  An iguana (D:3)
  Terence (D:3)
  A gnoll (D:1)
  5 adders
  An ufetubus (D:3)
  2 worms
  A dart slug (D:2)
  7 orcs
  5 ball pythons
  5 bats
  8 endoplasms
  3 giant cockroaches
  8 goblins
  6 hobgoblins
  3 jackals (D:1)
  12 kobolds
  A quokka (D:2)
  7 frilled lizards
  9 rats
87 creatures vanquished.

Vanquished Creatures (others)
  4 plants (D:4)
4 creatures vanquished.

Grand Total: 91 creatures vanquished

Notes
Turn   | Place    | Note
-------+----------+-------------------------------------------
     0 | D:1      | jasper the Demonspawn Venom Mage began the quest for the
                  | Orb.
     0 | D:1      | Reached XP level 1. HP: 13/13 MP: 3/3
     8 | D:1      | Reached skill level 1 in Transmutations
   218 | D:1      | Gained mutation: A meltable shield of frost defends you.
                  | (SH +4) [demonic ancestry]
   218 | D:1      | Reached XP level 2. HP: 19/19 MP: 1/5
   829 | D:1      | Reached XP level 3. HP: 23/24 MP: 3/6
   839 | D:1      | Learned a level 3 spell: Mephitic Cloud
  1808 | D:2      | Reached skill level 1 in Conjurations
  2022 | D:2      | Reached skill level 1 in Air Magic
  2277 | D:2      | Found Fynituck's General Store.
  2421 | D:2      | Gained mutation: You have sharp toenails. [demonic
                  | ancestry]
  2421 | D:2      | Reached XP level 4. HP: 26/30 MP: 2/7
  3840 | D:3      | Noticed Jessica
  3846 | D:3      | Reached XP level 5. HP: 25/35 MP: 2/8
  3849 | D:3      | Killed Jessica
  3855 | D:3      | Learned a level 4 spell: Olgreb's Toxic Radiance
  3951 | D:3      | Noticed Terence
  3963 | D:3      | Killed Terence
  4269 | D:4      | Noticed an ice beast
  4594 | D:5      | Entered Level 5 of the Dungeon
  4644 | D:5      | Noticed a wraith
  4919 | D:4      | Noticed an orc warrior
  4926 | D:4      | Slain by an orc warrior

Illustrated notes

Levels and vault maps discovered:
D:1:      dpeg_arrival_shrine, layout_basic, minivault_27
D:2:      minmay_kobold_bridge, layout_loops_ring, serial_shops, shop
D:3:      layout_loops_ring, due_unseen_surprise, uniq_jessica, uniq_terence
D:4:      corexii_shack_village, layout_layer_cave,
          corexii_item_surrounded_by_moat
D:5:      minmay_octagon_keep, layout_loops_ring

Skill      XL: |  1  2  3  4  5 |
---------------+----------------+-----
Transmutations | 1 2 |  2.0
Conjurations   | 1 2 3 |  3.0
Air Magic      | 1 2 3 |  3.0
Dodging        | |  1.7
Stealth        | |  1.7
Spellcasting   | |  2.0
Poison Magic   | |  3.8

Action                   |  1- 3 |  4- 6 || total
-------------------------+-------+-------++-------
Melee: Unarmed           |     8 |     3 ||    11
       Rapier            |       |    18 ||    18
Throw: Stone             |     5 |       ||     5
 Cast: Sting             |    87 |    96 ||   183
       Olgreb's Toxic Ra |       |     3 ||     3
  Use: Scroll            |     2 |     9 ||    11
       Potion            |       |     1 ||     1
Armor: Robe              |     4 |    16 ||    20
Dodge: Dodged            |    24 |    48 ||    72
Block: Other             |     7 |    12 ||    19

Table legend: (Time is in decaauts)
 A = Elapsed time spent in this place.
 B = Non-inter-level travel time spent in this place.
 C = Inter-level travel time spent in this place.
 D = Time resting spent in this place.
 E = Time spent auto-exploring this place.
 F = Levels seen in this place.
 G = Mean time per level.
                   A        B        C        D        E       F      G
               +--------+--------+--------+--------+--------+-----+--------+
         Total |   4937 |   4749 |    188 |    210 |   3756 |   5 |  987.4 |
       Dungeon |   4937 |   4749 |    188 |    210 |   3756 |   5 |  987.4 |
               +--------+--------+--------+--------+--------+-----+--------+

Top non-repeatable levels by time:
     D:1: 1733 daAuts
     D:2: 1403 daAuts
     D:3: 1308 daAuts
     D:4: 437 daAuts
     D:5: 54 daAuts
